 Dungeon Crawl Stone Soup version 0.30-a0-715-gdb4ae3ece1 (webtiles) character file.

Game seed: 10662448360061450025

234 PyroL the Changer (level 6, 0/38 HPs)
             Began as an Octopode Transmuter on Jan 23, 2023.
             Killed by divine providence
             ... invoked by an orc priest
              (12 damage)
             ... on level 4 of the Dungeon.
             The game lasted 00:05:06 (3385 turns).

PyroL the Changer (Octopode Transmuter)             Turns: 3385, Time: 00:05:07

Health: 0/38       AC:  1    Str:  9    XL:     6   Next: 5%
Magic:  10/10      EV: 13    Int: 18    God:
Gold:   243        SH:  0    Dex: 12    Spells: 5/11 levels left

rFire   . . .      SeeInvis .    g - +2 dagger (venom)
rCold   . . .      Faith    .    (no shield)
rNeg    . . .      Spirit   .    (helmet currently unavailable)
rPois   .          Reflect  .    (no amulet)
rElec   .          Harm     .    (no ring)
rCorr   .          Rampage  .    (no ring)
Will    .....                    (no ring)
Stlth   ++                       (no ring)
HPRegen 0.26/turn                (no ring)
MPRegen 0.12/turn                (no ring)
                                 (no ring)
                                 (no ring)

@: appendages
A: tentacle spike 3, almost no armour, amphibious, 8 rings, camouflage 1,
gelatinous body 1, (nimble swimmer 1), tentacles
a: End Transformation


You were on level 4 of the Dungeon.
One of your tentacles had grown a beastly spike.
You visited 1 branch of the dungeon, and saw 4 of its levels.

You collected 243 gold pieces.

Inventory:

Hand Weapons
 g - a +2 dagger of venom (weapon)
Scrolls
 a - a scroll of immolation
 b - a scroll of magic mapping
 c - 2 scrolls of amnesia
 d - a scroll of teleportation
 f - a scroll of fear {unknown}
 h - a scroll of poison {unknown}
 i - 2 scrolls of identify {unknown}
Potions
 e - a potion of cancellation {unknown}
 j - 2 potions of curing {unknown}
 k - a potion of attraction {unknown}


   Skills:
 - Level 1.0 Fighting
 - Level 2.0 Dodging
 - Level 3.0 Unarmed Combat
 - Level 3.0 Spellcasting
 + Level 4.8 Transmutations
 - Level 3.0 Poison Magic


You had 5 spell levels left.
You knew the following spells:

 Your Spells              Type           Power      Damage    Failure   Level
a - Beastly Appendage     Tmut           40%        N/A       2%          1
b - Wereblood             Tmut           20%        N/A       3%          2
c - Spider Form           Tmut/Pois      16%        N/A       10%         3

Your spell library contained the following spells:

 Spells                   Type           Power      Damage    Failure   Level
 Apportation              Tloc           4%         N/A       16%         1
 Necrotise                Necr           8%         1d4       16%         1
 Summon Small Mammal      Summ           8%         N/A       16%         1
 Ice Form                 Ice/Tmut       11%        N/A       52%         4


Dungeon Overview and Level Annotations

Branches:
Dungeon (4/15)
 Temple: D:4-7

Altars:


Innate Abilities, Weirdness & Mutations

One of your tentacles has grown a beastly spike.
You cannot wear most types of armour.
You are amphibious.
You can wear up to eight rings at the same time.
Your skin changes colour to match your surroundings (Stealth+).
Your rubbery body absorbs attacks. (AC +1, EV +1)
((You are camouflaged when in or above water. (Stealth+)))
You have tentacles for arms and can constrict up to eight enemies at once.


Message History

You hit the goblin.
The goblin is poisoned.
You grab the goblin.
The goblin is heavily wounded.
You constrict the goblin. The goblin closely misses you.
You hit the goblin.
You kill the goblin!
No target in view!
Your transformation is almost over.
Your tentacle spike disappears.
Found 2 stones.
You now have 243 gold pieces (gained 17).
k - a coppery potion A kobold comes into view.
It is wielding a +0 dagger.
A kobold is nearby!
One of your tentacles grows a vicious spike.
An orc wizard comes into view. It is wielding a +0 dagger.
An orc priest and a hobgoblin come into view.
The orc priest is wielding a +0 mace and wearing a +2 chain mail of fire resistance.
The kobold hits you with a +0 dagger.
You closely miss the kobold. Your grab misses the kobold.
You pierce the kobold.
You kill the kobold!
The orc wizard shouts!
The orc priest shouts!
An orc comes into view. It is wielding a +0 falchion.
An orc comes into view. It is wielding a +0 club.
Unknown command.
The orc wizard casts a spell at you.
You are confused.
The orc wizard points at you and mumbles some strange words.
The magic dart hits you.
You bump into the rock wall.
The orc priest calls down the wrath of Beogh upon you.
Beogh smites you!
* * * LOW HITPOINT WARNING * * *
You feel less confused.
The orc wizard gestures at you while chanting.
The magic dart hits you.
* * * LOW HITPOINT WARNING * * *
The orc priest invokes the aid of Beogh against you.
Beogh smites you!
You die...

...#.......
)..##.##..############# ....
...##.>#...##.........###....
..####.#.#..................o
.###)......#................o
## #.....#...................
####......#..................
.†.................o..)......
####.......##...@.g..........
..........#......o(........
..#.....##.###..##.#........
.#...#### .. #.###..........
.### ...# #.......... .
...... ...######## ######.
#..# #.#..# . ..#


You could see an orc priest, an orc wizard and a hobgoblin.

Vanquished Creatures
  A scorpion (D:3)
  Crazy Yiuf (D:3)
  Robin (D:2)
  3 adders
  2 worms (D:3)
  2 dart slugs
  3 orcs (D:3)
  4 endoplasms
  3 giant cockroaches
  11 hobgoblins
  6 jackals
  7 kobolds
  4 quokkas
  10 ball pythons
  8 bats
  A frilled lizard (D:2)
  17 goblins
  8 rats
92 creatures vanquished.

Notes
Turn   | Place    | Note
-------+----------+-------------------------------------------
     0 | D:1      | PyroL the Octopode Transmuter began the quest for the Orb.
     0 | D:1      | Reached XP level 1. HP: 13/13 MP: 3/3
    37 | D:1      | Reached skill level 1 in Poison Magic
    46 | D:1      | Reached XP level 2. HP: 13/18 MP: 3/5
   242 | D:1      | Reached XP level 3. HP: 10/23 MP: 6/6
   468 | D:1      | Learned a level 2 spell: Wereblood
   472 | D:1      | Learned a level 3 spell: Spider Form
   623 | D:2      | Reached skill level 3 in Transmutations
   635 | D:1      | HP: 1/34 [goblin/+0 club (3)]
  1153 | D:2      | Reached XP level 4. HP: 19/28 MP: 5/7
  1704 | D:2      | Noticed Robin
  2094 | D:2      | Killed Robin
  2391 | D:3      | Reached XP level 5. HP: 15/33 MP: 4/8
  2535 | D:3      | Found a runed translucent door.
  2536 | D:3      | Noticed Crazy Yiuf
  2699 | D:3      | Reached skill level 4 in Transmutations
  3141 | D:3      | Killed Crazy Yiuf
  3142 | D:3      | Reached XP level 6. HP: 38/38 MP: 6/10
  3385 | D:4      | Killed from afar by an orc priest

Illustrated notes

Levels and vault maps discovered:
D:1:      psy_arrival_terrarium, layout_rooms, minmay_misc_feat_doors
D:2:      minmay_angry_zag, layout_rooms, uniq_robin
D:3:      layout_loops_ring, uniq_crazy_yiuf_cottage
D:4:      layout_rooms, nicolae_wu_jian_immortal_techniques,
          grunt_temple_overflow_diamond, minmay_cut_off

Skill      XL: |  1  2  3  4  5 |
---------------+----------------+-----
Poison Magic   | 1 2 3 |  3.0
Transmutations | 3 4 |  4.8
Spellcasting   | 3 |  3.0
Fighting       | |  1.0
Dodging        | |  2.0
Unarmed Combat | |  3.0

Action                     |  1- 3 |  4- 6 || total
---------------------------+-------+-------++-------
  Melee: Unarmed           |    86 |     4 ||    90
         Kick              |    22 |    16 ||    38
         Constrict         |    28 |    26 ||    54
         Tentacles         |    12 |    20 ||    32
         Punch             |     1 |       ||     1
         Dagger            |       |    77 ||    77
   Cast: Beastly Appendage |    14 |    26 ||    40
         Wereblood         |       |     3 ||     3
         Spider Form       |       |     2 ||     2
    Use: Potion            |     1 |       ||     1
         Scroll            |       |     4 ||     4
   Stab: Sleeping          |     1 |     4 ||     5
 Armour: Skin              |    22 |     5 ||    27
  Dodge: Dodged            |    57 |    74 ||   131

Table legend: (Time is in decaauts)
 A = Elapsed time spent in this place.
 B = Non-inter-level travel time spent in this place.
 C = Inter-level travel time spent in this place.
 D = Time resting spent in this place.
 E = Time spent auto-exploring this place.
 F = Levels seen in this place.
 G = Mean time per level.
                   A        B        C        D        E       F      G
               +--------+--------+--------+--------+--------+-----+--------+
         Total |   3381 |   3277 |    104 |    909 |   1751 |   4 |  845.2 |
       Dungeon |   3381 |   3277 |    104 |    909 |   1751 |   4 |  845.2 |
               +--------+--------+--------+--------+--------+-----+--------+

Top non-repeatable levels by time:
     D:1: 1200 daAuts
     D:2: 1093 daAuts
     D:3: 936 daAuts
     D:4: 150 daAuts
